 Dungeon Crawl Stone Soup version 0.27.1-33-g824d729ab1 (webtiles) character file.

Game seed: 10169324367969623783

11357 demibob the Severer (level 11, -6/132 HPs)
             Began as a Minotaur Chaos Knight on Dec 8, 2021.
             Was a Plaything of Xom.
             Mangled by a two-headed ogre (8 damage)
             ... on level 11 of the Dungeon.
             The game lasted 00:22:46 (11613 turns).

demibob the Severer (Minotaur Chaos Knight)        Turns: 11613, Time: 00:22:47

Health: -6/132     AC: 20    Str: 19      XL:     11   Next: 48%
Magic:  3/3        EV:  6    Int: 12 (13) God:    Xom [..*...]
Gold:   747        SH:  0    Dex:  9      Spells: 10/10 levels left

rFire    . . .     SeeInvis .   y - +8 Wrath of Trog {antimagic, *Rage Rampage}
rCold    . . .     Faith    .   (shield currently unavailable)
rNeg     . . .     Spirit   .   A - +0 plate armour
rPois    +         Reflect  .   (helmet restricted)
rElec    .         Harm     .   o - +1 cloak of Wehuguan {Int+4}
rCorr    .         Rampage  +   k - +0 pair of gloves
Will     .....     Rnd*Rage +   h - +0 pair of boots
Stlth    ..........             (no amulet)
HPRegen  0.32/turn              P - ring of poison resistance
MPRegen  0.08/turn              T - +4 ring of protection

@: berserking (expiring), lethally poisoned (-6 -> -10), corroded, on berserk
cooldown, slowed
A: horns 2, retaliatory headbutt, clumsy 1, deterioration 1, mutation resistance
1
a: Renounce Religion


You were on level 11 of the Dungeon.
You worshipped Xom.
You were a toy of Xom.
You visited 1 branch of the dungeon, and saw 11 of its levels.

You collected 747 gold pieces.


Innate Abilities, Weirdness & Mutations

You have a pair of horns on your head.
You reflexively headbutt those who attack you in melee.
You are clumsy. (Dex -2)
Your body sometimes deteriorates upon taking damage.
You are somewhat resistant to further mutation.


   Skills:
 + Level 5.2 Fighting
 * Level 15.8 Axes
 - Level 8.0 Throwing
 + Level 10.5 Armour
 - Level 1.1 Dodging


You had 10 spell levels left.
You didn't know any spells.
Your spell library contained the following spells:

 Spells                   Type           Power      Damage    Failure   Level
 Beastly Appendage        Tmut           0%         N/A       99%         1
 Summon Small Mammal      Summ           0%         N/A       99%         1
 Ensorcelled Hibernation  Hex/Ice        0%         N/A       100%        2
 Slow                     Hex            0%         N/A       100%        2
 Wereblood                Tmut           0%         N/A       100%        2
 Call Canine Familiar     Summ           0%         N/A       100%        3
 Confusing Touch          Hex            0%         N/A       100%        3
 Spider Form              Tmut/Pois      0%         N/A       100%        3
 Summon Guardian Golem    Hex/Summ       0%         N/A       100%        3
 Vampiric Draining        Necr           0%         2d6       100%        3
 Leda's Liquefaction      Hex/Erth       0%         N/A       100%        4
 Petrify                  Tmut/Erth      0%         N/A       100%        4
 Summon Ice Beast         Ice/Summ       0%         N/A       100%        4
 Metabolic Englaciation   Hex/Ice        0%         N/A       100%        5
 Yara's Violent Unravell  Hex/Tmut       0%         3d3       100%        5
 Statue Form              Tmut/Erth      0%         N/A       100%        6
 Malign Gateway           Summ/Tloc      0%         N/A       100%        7
 Orb of Destruction       Conj           0%         N/A       100%        7
 Spellforged Servitor     Conj/Summ      0%         N/A       100%        7
 Discord                  Hex            0%         N/A       100%        8

Inventory:

Hand Weapons
 a - a +1 vampiric war axe
 b - a +0 battleaxe of flaming
 r - a +0 hand axe of venom
 y - the +8 Wrath of Trog (weapon) {antimagic, *Rage Rampage}
   (You acquired it on level 6 of the Dungeon)

   It reduces the magical energy of the wielder, and disrupts the spells and
   magical abilities of those it strikes.
   Natural abilities and divine invocations are not affected.
   It causes slowness and exhaustion when equipped.
   It extends the wielder's berserk rage when killing foes.
   *Rage:     It may make you go berserk in combat.
   Rampage:   It bestows one free step when moving towards enemies.
Missiles
 l - 7 atropa-tipped darts (quivered)
 n - 23 poisoned darts
 p - 5 throwing nets {=f}
Armour
 h - a +0 pair of boots (worn)
 k - a +0 pair of gloves (worn)
 o - the +1 cloak of Wehuguan (worn) {Int+4}
   (Xom gifted it to you on level 4 of the Dungeon)

   Int:       It affects your intelligence (+4).
 A - a +0 plate armour (worn)
Jewellery
 c - a ring of ice
 v - a ring of see invisible
 C - a ring of protection from cold
 P - a ring of poison resistance (left hand)
 R - a ring of resist corrosion
 S - a +6 ring of strength
 T - a +4 ring of protection (right hand)
 W - a ring of willpower
Wands
 d - a wand of polymorph (16)
 m - a wand of acid (7)
 t - a wand of charming (5)
 x - a wand of flame (16)
 D - a wand of iceblast (10)
Scrolls
 j - 2 scrolls of enchant armour
 q - 8 scrolls of identify {@r1}
Potions
 e - a potion of flight
 i - a potion of magic
 s - 2 potions of lignification
 w - a potion of brilliance
 F - 2 potions of attraction

Dungeon Overview and Level Annotations

Branches:
Dungeon (11/15)            Temple (0/1) D:6             Orc (0/2) D:9
   Lair: D:8-11

Altars:
Gozag
Wu Jian
Xom

Annotations:
D:4 1 runed translucent door, Crazy Yiuf
D:5 2 runed translucent doors, belegose's ghost, novice DjAK
D:10 3 runed translucent doors, osinmv's ghost, novice DgIE

#...#######. .
#...........
..##.........#
...........K.+
#h........#
#....# #....#
#..OZ# #...@#
####)# ####.#
#<...# ######


You could see a two-headed ogre, a howler monkey and a centaur warrior zombie.


Message History

Sonja hits you with a +0 dagger of distortion.
* * * LOW HITPOINT WARNING * * *
Sonja hits you but does no damage. Space bends around you.
* * * LOW HITPOINT WARNING * * *
The centaur warrior zombie closely misses you.
The centaur warrior zombie kicks you but does no damage.
You slice Sonja!!
You feel the ancient rage of your axe.
You kill Sonja!
You slash the two-headed ogre! You slice the centaur warrior zombie!!
* * * LOW HITPOINT WARNING * * *
You feel sick.
The two-headed ogre hits you but does no damage.
The two-headed ogre hits you with a +0 giant spiked club.
* * * LOW HITPOINT WARNING * * *
The centaur warrior zombie hits you but does no damage.
The centaur warrior zombie kicks you but does no damage.
A howler monkey comes into view.
Your Fighting skill increases to level 5!
You hit the two-headed ogre.
The two-headed ogre is severely wounded.
You hit the centaur warrior zombie.
* * * LOW HITPOINT WARNING * * *
You feel sick.
The centaur warrior zombie hits you but does no damage.
The centaur warrior zombie kicks you but does no damage.
The two-headed ogre hits you but does no damage.
The two-headed ogre hits you with a +0 giant spiked club!
You die...
Xom bursts into laughter!

Skill      XL: |  1  2  3  4  5  6  7  8  9 10 11 |
---------------+----------------------------------+-----
Axes           | 4 5 6 7 8 9 10 11 13 14 15 | 15.8
Throwing       | 1 3 4 6 7 8 |  8.0
Armour         | 3 4 6 8 9 10 | 10.5
Fighting       | 5 |  5.2
Dodging        | |  1.1

Action                   |  1- 3 |  4- 6 |  7- 9 | 10-12 || total
-------------------------+-------+-------+-------+-------++-------
Melee: Hand axe          |    66 |   104 |   274 |       ||   444
       Headbutt          |    10 |    18 |    59 |    56 ||   143
       War axe           |       |       |    94 |   316 ||   410
       Battleaxe         |       |       |       |    32 ||    32
Throw: Dart              |       |       |       |     5 ||     5
Evoke: Wand              |       |     2 |     3 |     4 ||     9
  Use: Scroll            |     2 |     6 |     5 |     9 ||    22
       Potion            |       |     2 |     1 |     6 ||     9
 Stab: Sleeping          |     1 |       |       |       ||     1
       Paralysed         |       |    10 |    14 |     1 ||    25
       Confused          |       |     1 |       |     1 ||     2
Armor: Leather armour    |    21 |    25 |   143 |    26 ||   215
       Plate armour      |       |       |       |   226 ||   226
Dodge: Dodged            |    26 |    52 |   185 |   120 ||   383

Levels and vault maps discovered:
D:1:      lemuel_arrival_broad_hall, layout_basic, hangedman_decor_growths,
          minmay_bisected
D:2:      layout_rooms, hellmonk_ecumenical_altar_heavens_door, basic_altar,
          kennysheep_doodads
D:3:      layout_basic, minmay_fractal_squares_5
D:4:      layout_loops_cross, dk_xom_monty_hall, hangedman_decor_peaks_small,
          uniq_sigmund, uniq_blork_the_orc, uniq_crazy_yiuf_cottage
D:5:      layout_loops_ring, ebering_ghost_disaster_area
D:6:      layout_basic, minmay_temple_entry_drinking_statues, uniq_duvessa
D:7:      layout_basic, lemuel_flamethrower_2, uniq_maggie
D:8:      layout_gridville, dk_vineyard_2, uniq_harold
D:9:      layout_rooms, erik_orc_3
D:10:     layout_basic, ebering_ghost_gozag, hangedman_decor_slide_cut,
          uniq_fannar, uniq_josephine
D:11:     layout_basic, lair_entry_dummy, grunt_ministairs_9,
          minmay_misc_feat_iff, nemelex_xobeh_ov_fountains_minmay, uniq_sonja

Notes
Turn   | Place    | Note
-------+----------+-------------------------------------------
     0 | D:1      | demibob the Minotaur Chaos Knight began the quest for the
                  | Orb.
     0 | D:1      | Reached XP level 1. HP: 19/19 MP: 0/0
   122 | D:1      | XOM: 2-stop teleportation journey
   189 | D:1      | XOM: god gift: 23 gold pieces
   224 | D:1      | Reached skill level 4 in Axes
   310 | D:1      | XOM: enchant monster (good)
   328 | D:1      | Reached XP level 2. HP: 25/26 MP: 1/1
   747 | D:1      | Reached skill level 5 in Axes
  1056 | D:2      | Reached XP level 3. HP: 31/31 MP: 2/2
  1187 | D:2      | Found an ornate altar of the Wu Jian Council.
  1204 | D:2      | XOM: cloud trail
  1346 | D:2      | Found a faded altar of an unknown god.
  1383 | D:2      | XOM: polymorph hobgoblin -> jackal
  1389 | D:2      | Reached skill level 6 in Axes
  1389 | D:2      | Reached XP level 4. HP: 29/39 MP: 3/3
  1822 | D:2      | XOM: scenery: create altars
  1944 | D:3      | XOM: give mutations
  1944 | D:3      | Gained mutation: Your muscles are strong. (Str +2) [Xom's
                  | grace]
  1944 | D:3      | Gained mutation: You are somewhat resistant to further
                  | mutation. [Xom's grace]
  1983 | D:3      | Noticed a scorpion
  1993 | D:3      | Killed a scorpion
  1994 | D:3      | Reached skill level 7 in Axes
  1994 | D:3      | Reached XP level 5. HP: 45/45 MP: 4/4
  2693 | D:3      | XOM: scenery: create altars
  2806 | D:4      | Noticed a phantom
  2807 | D:4      | Noticed Sigmund
  2807 | D:4      | XOM: 9-stop teleportation journey
  2808 | D:4      | You fall into a shaft and drop 2 floors!
  2817 | D:5      | Entered Level 5 of the Dungeon
  2850 | D:5      | Found a large runed translucent door.
  2850 | D:5      | Found a large runed translucent door.
  2854 | D:5      | Reached skill level 8 in Axes
  2857 | D:5      | Noticed belegose's ghost (novice DjAK)
  2882 | D:5      | Noticed a sky beast
  2892 | D:5      | Killed a sky beast
  2893 | D:5      | Reached XP level 6. HP: 51/51 MP: 5/5
  2911 | D:4      | XOM: 1-stop teleportation journey
  2918 | D:4      | XOM: polymorph adder -> frilled lizard
  3009 | D:4      | XOM: potion effect (curing)
  3010 | D:4      | Killed Sigmund
  3011 | D:4      | Reached skill level 9 in Axes
  3011 | D:4      | Reached skill level 1 in Throwing
  3011 | D:4      | Reached skill level 3 in Armour
  3011 | D:4      | Reached XP level 7. HP: 53/57 MP: 6/6
  3026 | D:4      | Found a shimmering altar of Xom.
  3105 | D:4      | Noticed Blork the orc
  3114 | D:4      | Killed Blork the orc
  3115 | D:4      | Reached skill level 2 in Throwing
  3116 | D:4      | Reached skill level 4 in Armour
  3364 | D:4      | Reached skill level 10 in Axes
  3554 | D:4      | Found a runed translucent door.
  3555 | D:4      | Noticed Crazy Yiuf
  3678 | D:5      | XOM: enchant monster (good)
  3720 | D:4      | Identified the +1 cloak of Wehuguan {Int+4} (Xom gifted it
                  | to you on level 4 of the Dungeon)
  3720 | D:4      | XOM: god gift: +1 cloak of Wehuguan {Int+4}
  3838 | D:5      | Reached skill level 3 in Throwing
  3838 | D:5      | Reached XP level 8. HP: 57/64 MP: 7/7
  4108 | D:5      | Reached skill level 5 in Armour
  4303 | D:5      | XOM: god gift: Xom's Compendium of Absolutism {god gift}
  4304 | D:5      | Got Xom's Compendium of Absolutism {god gift}
  4642 | D:5      | XOM: give mutations
  4642 | D:5      | Gained mutation: You are clumsy. (Dex -2) [Xom's mischief]
  4642 | D:5      | Gained mutation: Your body sometimes deteriorates upon
                  | taking damage. [Xom's mischief]
  4642 | D:5      | Lost mutation: Your muscles are strong. (Str +2) [Xom's
                  | mischief]
  4861 | D:6      | Reached skill level 11 in Axes
  4870 | D:6      | Reached skill level 4 in Throwing
  4969 | D:6      | XOM: summons friendly ufetubus
  5082 | D:6      | XOM: give mutations
  5082 | D:6      | Gained mutation: Your body often deteriorates upon taking
                  | damage. [Xom's mischief]
  5082 | D:6      | Lost mutation: Your body often deteriorates upon taking
                  | damage. [Xom's mischief]
  5232 | D:6      | Noticed Duvessa
  5233 | D:6      | Noticed Dowan
  5237 | D:6      | XOM: fog
  5244 | D:6      | Killed Duvessa
  5245 | D:6      | Reached skill level 6 in Armour
  5246 | D:6      | Found a staircase to the Ecumenical Temple.
  5248 | D:6      | Noticed Dowan
  5248 | D:6      | Dowan changed into Dowan the endoplasm
  5248 | D:6      | XOM: polymorph Dowan -> Dowan the endoplasm
  5250 | D:6      | Noticed Dowan
  5250 | D:6      | Dowan the endoplasm changed into Dowan the frilled lizard
  5250 | D:6      | XOM: polymorph Dowan the endoplasm -> Dowan the frilled
                  | lizard
  5258 | D:6      | Killed Dowan the frilled lizard
  5484 | D:6      | XOM: polymorph bullfrog -> steam dragon
  5509 | D:5      | Reached XP level 9. HP: 33/70 MP: 8/8
  5551 | D:5      | XOM: scenery: summon butterflies
  5611 | D:5      | XOM: god gift: red potion {god gift}
  5982 | D:6      | XOM is BORED!
  5982 | D:6      | XOM: summons 5 hostile demons
  6164 | D:6      | Identified a scroll of acquirement
  6164 | D:6      | Acquired the +8 Wrath of Trog {antimagic, *Rage Rampage}
  6164 | D:6      | Found the +8 Wrath of Trog {antimagic, *Rage Rampage}
  6164 | D:6      | XOM: scenery: create altars
  6541 | D:7      | XOM: swap monsters
  6543 | D:7      | Reached skill level 12 in Axes
  6658 | D:7      | Reached skill level 5 in Throwing
  6683 | D:7      | Identified a +1 robe of resistance
  6687 | D:7      | XOM: swap monsters
  6690 | D:7      | XOM: chaos upgrade
  6869 | D:7      | XOM: summons friendly ufetubus
  6876 | D:6      | Reached skill level 7 in Armour
  6967 | D:7      | XOM: cast spell 'Summon Hydra'
  6979 | D:7      | Noticed Maggie
  6990 | D:7      | Killed Maggie
  7197 | D:7      | XOM: 1-stop teleportation journey
  7577 | D:7      | Reached skill level 13 in Axes
  7709 | D:8      | XOM: divination: detect creatures
  7715 | D:8      | Reached skill level 6 in Throwing
  7744 | D:8      | XOM: noise
  7799 | D:8      | XOM: noise
  7806 | D:8      | XOM: silly message
  7812 | D:8      | XOM: blink monster(s)
  7827 | D:8      | Reached skill level 8 in Armour
  7912 | D:8      | Reached XP level 10. HP: 74/77 MP: 9/9
  8242 | D:8      | XOM is BORED!
  8244 | D:8      | Noticed Harold
  8245 | D:8      | XOM: cast spell 'Shadow Creatures'
  8254 | D:8      | Killed Harold
  8716 | D:8      | XOM: polymorph ice beast -> tengu
  8860 | D:9      | Noticed a two-headed ogre
  8871 | D:9      | Killed a two-headed ogre
  8872 | D:9      | Reached skill level 14 in Axes
  8872 | D:9      | Reached skill level 7 in Throwing
  8872 | D:9      | Reached skill level 9 in Armour
  8902 | D:9      | XOM: god gift: 20 bolts
  8968 | D:9      | XOM: god gift: 30 gold pieces
  8999 | D:9      | Found a staircase to the Orcish Mines.
  9007 | D:9      | XOM: 4-stop teleportation journey
  9056 | D:9      | XOM: god gift: 30 gold pieces
  9104 | D:9      | XOM: confuse monster(s)
  9106 | D:9      | XOM: enchant monster (good)
  9124 | D:9      | XOM: 2-stop teleportation journey
  9164 | D:9      | XOM: 3-stop teleportation journey
  9238 | D:9      | XOM: 7-stop teleportation journey
  9555 | D:9      | XOM: cloud trail
  9707 | D:9      | XOM: god gift: 16 gold pieces
  9956 | D:9      | Reached XP level 11. HP: 82/82 MP: 10/10
  9961 | D:9      | Reached skill level 15 in Axes
 10072 | D:9      | Identified the +2 falchion "Ciureiti" {vorpal, rElec Dex+2}
 10083 | D:10     | Entered Level 10 of the Dungeon
 10183 | D:10     | Reached skill level 8 in Throwing
 10198 | D:10     | XOM: destruction
 10390 | D:10     | Noticed Fannar
 10419 | D:10     | Killed Fannar
 10420 | D:10     | Reached skill level 4 in Fighting
 10420 | D:10     | Reached skill level 10 in Armour
 10486 | D:10     | Noticed Josephine
 10498 | D:10     | XOM: smoke on damage
 10501 | D:10     | Identified a potion of resistance
 10508 | D:10     | Killed Josephine
 10871 | D:10     | XOM: cloud trail
 10954 | D:10     | XOM: 3-stop teleportation journey
 11090 | D:10     | XOM: noise
 11397 | D:10     | Found a runed translucent gate.
 11398 | D:10     | Found a runed translucent gate.
 11398 | D:10     | Found a runed translucent gate.
 11399 | D:10     | Found an opulent altar of Gozag.
 11400 | D:10     | Noticed osinmv's ghost (novice DgIE)
 11400 | D:10     | Noticed a green ugly thing
 11400 | D:10     | Noticed a purple ugly thing
 11400 | D:10     | Noticed a phantasmal warrior
 11449 | D:10     | XOM: silly message
 11596 | D:11     | Noticed Sonja
 11602 | D:11     | XOM: potion effect (berserk rage)
 11602 | D:11     | Noticed a two-headed ogre
 11611 | D:11     | HP: 10/127 [Sonja (4)]
 11612 | D:11     | Killed Sonja
 11612 | D:11     | HP: 3/127 [two-headed ogre (2)]
 11613 | D:11     | Reached skill level 5 in Fighting
 11613 | D:11     | Mangled by a two-headed ogre

Vanquished Creatures
  Josephine (D:10)
  Fannar (D:10)
  Harold (D:8)
  A two-headed ogre (D:9)
  Sonja (D:11)
  Maggie (D:7)
  A hornet (D:9)
  Sigmund (D:4)
  A wyvern (D:7)
  3 wraiths (D:10)
  9 yaks (D:9)
  A steam dragon (D:6)
  2 wargs (D:9)
  An acid dragon (D:11)
  A water moccasin (D:7)
  Duvessa (D:6)
  5 orc warriors
  4 black bears
  A necrophage (D:5)
  2 ice beasts
  2 sky beasts
  An ogre (D:4)
  A tengu (D:8)
  4 centaurs
  2 phantoms (D:4)
  Blork the orc (D:4)
  2 gnoll sergeants
  4 bullfrogs
  A scorpion (D:3)
  5 gnoll shamans
  12 killer bees
  9 wights
  2 howler monkeys
  4 centaur zombies
  A centaur skeleton (D:7)
  3 orc priests
  A bullfrog skeleton (D:5)
  4 hounds
  3 jellies
  7 orc wizards
  A killer bee zombie (D:7)
  A howler monkey zombie (D:10)
  6 adders
  31 gnolls
  A howler monkey skeleton (D:7)
  2 white imps (D:5)
  An ufetubus (D:5)
  An adder skeleton (D:4)
  A worm (D:2)
  2 dart slugs
  39 orcs
  5 ball pythons
  8 endoplasms
  3 giant cockroaches
  6 goblins
  8 hobgoblins
  An iguana (D:4)
  A jackal (D:2)
  4 kobolds
  2 quokkas
  7 bats
  6 frilled lizards
  7 rats
252 creatures vanquished.

Vanquished Creatures (collateral kills)
  A water moccasin (D:5)
  A killer bee (D:8)
  An orc (D:8)
3 creatures vanquished.

Vanquished Creatures (others)
  A gnoll (D:5)
  2 killer bees (D:7)
3 creatures vanquished.

Grand Total: 258 creatures vanquished

Table legend: (Time is in decaauts)
 A = Elapsed time spent in this place.
 B = Non-inter-level travel time spent in this place.
 C = Inter-level travel time spent in this place.
 D = Time resting spent in this place.
 E = Time spent auto-exploring this place.
 F = Levels seen in this place.
 G = Mean time per level.
                   A        B        C        D        E       F      G
               +--------+--------+--------+--------+--------+-----+--------+
         Total |  11520 |  11229 |    291 |   2438 |   7011 |  11 | 1047.3 |
       Dungeon |  11520 |  11229 |    291 |   2438 |   7011 |  11 | 1047.3 |
               +--------+--------+--------+--------+--------+-----+--------+

Top non-repeatable levels by time:
     D:6: 1515 daAuts
    D:10: 1510 daAuts
     D:5: 1466 daAuts
     D:9: 1213 daAuts
     D:8: 1113 daAuts
     D:1: 1055 daAuts
     D:4: 980 daAuts
     D:7: 978 daAuts
     D:3: 860 daAuts
     D:2: 801 daAuts
    D:11: 25 daAuts

Table legend:
 A = Non-vault XP
 B = Vault XP
 C = Vault XP percentage of total XP
 D = Non-vault monster count
 E = Vault monster count
 F = Vault count percentage of total count
                 A         B        C        D         E       F
            +---------+---------+-------+---------+---------+-------
      Total |   10329 |    5896 |  36.3 |     210 |      45 |  17.6
            +---------+---------+-------+---------+---------+-------
        D:1 |      31 |       7 |  18.4 |      18 |       5 |  21.7
        D:2 |     109 |       0 |   0.0 |      17 |       0 |   0.0
        D:3 |     154 |       9 |   5.5 |      17 |       6 |  26.1
        D:4 |     398 |     396 |  49.9 |      14 |       5 |  26.3
        D:5 |    1019 |       0 |   0.0 |      24 |       0 |   0.0
        D:6 |    1007 |     143 |  12.4 |      18 |       2 |  10.0
        D:7 |    1142 |     404 |  26.1 |      21 |       1 |   4.5
        D:8 |    1772 |     757 |  29.9 |      47 |       1 |   2.1
        D:9 |    3499 |     719 |  17.0 |      23 |      19 |  45.2
       D:10 |    1041 |    2654 |  71.8 |      10 |       5 |  33.3
       D:11 |     157 |     807 |  83.7 |       1 |       1 |  50.0
            +---------+---------+-------+---------+---------+-------
